Map: Lost and Found LE

Players

Neuro

  • Race: Protoss Protoss
  • League: Grandmaster
  • Spawn Location: 7:00

kemachi - Winner!

  • Race: Zerg Zerg
  • League: Diamond
  • Spawn Location: 1:00

VOD

Have the link to the VOD?

Description

Time

  • Played on: June 14, 2019, 7:40 a.m.
  • Length: 12:58
Show
View Real Time Build Order
Export as new Build Order

Neuro Protoss 

Build Orders: 1 Gate Expand, Archon Immortal 

Get SALT Encoding   

  1  0:00  Probe  
  12  0:05  Probe  
  14  0:19  Probe  
  15  0:24  Pylon  
  15  0:42  Probe  
  16  0:44  Gateway  
  16  0:54  Probe  
  17  1:03  Probe  
  17  1:11  Probe  
  19  1:21  Probe  
  20  1:29  Nexus  
  20  1:33  Probe  
  20  1:39  Cybernetics Core  
  21  1:41  Assimilator  
  21  1:44  Assimilator  
  21  1:47  Probe  
  22  1:58  Probe, Pylon  
  23  2:12  Gateway, Probe  
  23  2:16  Adept  
  26  2:22  Probe  
  26  2:25  Pylon  
  27  2:35  Probe  
  28  2:41  Probe  
  28  2:43  Robotics Facility  
  31  3:13  Warp Gate  
  31  3:17  Probe x2  
  33  3:21  Immortal  
  32  3:29  Probe x2  
  38  3:36  Pylon  
  38  3:40  Adept  
  38  3:41  Probe x2  
  39  3:47  Pylon  
  40  3:51  Immortal  
  40  3:53  Probe x2  
  42  3:56  Shield Battery  
  46  4:09  Probe  
  47  4:10  Probe  
  47  4:14  Assimilator  
  48  4:17  Assimilator  
  48  4:21  Probe  
  48  4:22  Probe  
  50  4:24  Warp Prism  
  50  4:25  Sentry  
  52  4:32  Pylon  
  54  4:40  Probe  
  55  4:51  Twilight Council  
  55  4:52  Forge, Probe  
  56  4:53  Sentry, Gateway  
  56  4:59  Observer, Probe  
  59  5:04  Probe  
  61  5:11  Probe  
  62  5:16  Gateway, Probe  
  62  5:18  Gateway  
  62  5:20  Sentry, Charge  
  65  5:28  Immortal  
  65  5:32  Probe  
  65  5:34  Protoss Ground Weapons Level 1  
  70  5:57  Pylon  
  70  6:02  Nexus  
  70  6:03  Templar Archives  
  70  6:05  Pylon x2  
  70  6:15  Probe x2  
  72  6:25  Probe  
  72  6:28  Probe  
  72  6:31  Psionic Storm  
  72  6:32  Immortal  
  78  6:33  Probe  
  79  6:41  Pylon, Probe  
  79  6:42  Probe  
  79  6:43  Pylon  
  81  6:53  Probe  
  81  6:54  Probe  
  83  7:05  Probe  
  83  7:06  Assimilator, Probe  
  85  7:10  Assimilator  
  85  7:13  Gateway x2  
  85  7:16  Gateway  
  85  7:17  Probe  
  85  7:18  Probe  
  85  7:19  Zealot x4  
  95  7:25  Probe  
  95  7:29  Probe  
  97  7:30  Probe  
  97  7:36  Probe  
  98  7:40  Probe  
  98  7:41  Probe  
  98  7:44  Probe  
  102  7:53  Gateway  
  102  7:54  Gateway  
  92  8:03  High Templar x5  
  102  8:07  Archon  
  102  8:09  Archon  
  98  8:12  Immortal, Zealot x2  
  98  8:13  Zealot  
  98  8:21  Protoss Ground Weapons Level 2  
  102  8:28  Nexus  
  102  8:31  Pylon  
  102  8:33  Pylon  
  102  8:41  High Templar x4  
  104  8:42  High Templar  
  104  8:43  Immortal  
  104  8:44  Zealot x3  
  118  8:48  Pylon  
  118  8:54  Pylon  
  122  8:58  Pylon  
  122  8:59  Photon Cannon  
  122  9:01  Photon Cannon  
  122  9:02  Probe  
  123  9:04  Photon Cannon  
  123  9:05  Probe x2  
  125  9:14  Zealot x5  
  125  9:16  Warp Prism  
  109  9:35  High Templar x4  
  117  9:41  Nexus  
  117  9:45  Archon x2  
  117  9:50  Probe x3  
  120  9:54  Zealot x4  
  120  9:55  Zealot x2  
  132  10:05  Probe x3  
  129  10:17  Probe x2  
  129  10:19  Zealot x8  
  129  10:20  Zealot  
  113  10:35  High Templar  
  107  10:44  High Templar x3  
  107  10:45  High Templar x4  
  107  10:46  High Templar  
  107  10:49  Archon x4  
  120  10:57  Probe x2  
  114  11:14  Probe x4  
  114  11:17  Assimilator  
  116  11:26  Probe x3  
  119  11:37  High Templar x2, Pylon  
  119  11:38  Zealot x2, High Templar  
  119  11:39  Zealot x3  
  133  11:40  Pylon  
  133  11:44  Archon  
  102  12:04  Stalker x4  
  102  12:05  Stalker x3  
  93  12:29  Stalker x7  
  95  12:37  Gateway  
  95  12:40  Gateway  
  95  12:41  Gateway  
  91  12:44  Gateway  
  91  12:47  Gateway  
  91  12:48  Zealot x2  
Show
View Real Time Build Order
Export as new Build Order

kemachi Zerg - Winner!

Build Orders: Hatch First, Roach Hydra 

Get SALT Encoding   

  12  0:01  Drone  
  13  0:13  Overlord  
  13  0:17  Drone  
  14  0:31  Drone x2  
  14  0:35  Drone  
  17  0:53  Hatchery  
  17  0:56  Drone  
  17  0:59  Drone  
  18  1:10  Extractor  
  17  1:16  Spawning Pool  
  17  1:17  Drone  
  17  1:20  Drone  
  18  1:29  Drone  
  19  1:40  Overlord  
  19  2:03  Zergling x4  
  19  2:04  Queen  
  19  2:05  Queen  
  19  2:06  Drone  
  26  2:13  Metabolic Boost  
  26  2:17  Drone x2  
  28  2:25  Drone  
  28  2:28  Drone  
  30  2:37  Drone  
  30  2:41  Hatchery  
  30  2:43  Overlord  
  30  2:46  Drone  
  30  2:50  Drone  
  32  2:56  Drone  
  33  3:03  Drone  
  34  3:07  Drone  
  35  3:25  Roach Warren, Spore Crawler  
  35  3:26  Spore Crawler  
  35  3:27  Drone x7  
  39  3:29  Extractor  
  37  3:36  Drone x2  
  39  3:44  Drone  
  39  3:46  Overlord x3  
  40  3:53  Lair  
  40  3:57  Drone x2, Extractor  
  40  3:58  Drone  
  40  3:59  Drone x2  
  44  4:05  Queen  
  44  4:08  Drone  
  44  4:09  Drone  
  48  4:10  Drone  
  49  4:18  Queen  
  49  4:23  Drone x2  
  53  4:34  Evolution Chamber  
  52  4:39  Roach x7  
  52  4:42  Drone  
  67  4:47  Drone x2  
  69  4:53  Glial Reconstitution  
  69  5:00  Zerg Missile Weapons Level 1  
  69  5:04  Drone x5  
  74  5:07  Overlord x2  
  74  5:19  Overlord x2  
  72  5:24  Zergling x8  
  74  5:33  Zergling x2  
  74  5:34  Zergling x14  
  82  5:37  Drone  
  82  5:39  Spore Crawler  
  81  6:00  Drone x9  
  90  6:04  Hydralisk Den  
  90  6:06  Drone x4, Extractor  
  90  6:08  Drone  
  93  6:24  Hatchery  
  90  6:35  Drone x2, Extractor  
  90  6:36  Drone x2, Extractor  
  90  6:37  Drone  
  90  6:39  Drone x3, Grooved Spines  
  96  6:42  Drone x3  
  99  6:47  Hydralisk  
  99  6:48  Hydralisk x2  
  100  7:03  Ravager x3  
  100  7:05  Overlord x6  
  100  7:06  Zerg Missile Weapons Level 2, Overlord x2  
  100  7:16  Hydralisk x3  
  100  7:19  Overlord x2  
  104  7:33  Infestation Pit  
  102  7:43  Hatchery, Hydralisk  
  102  7:44  Hydralisk x13  
  100  7:50  Muscular Augments  
  128  7:55  Drone  
  128  7:56  Drone x5  
  134  8:00  Roach x4  
  142  8:07  Drone x3, Spore Crawler x2  
  142  8:09  Drone x5  
  142  8:11  Extractor  
  142  8:12  Extractor  
  128  8:21  Roach  
  128  8:22  Roach x4  
  128  8:23  Queen  
  140  8:34  Roach  
  140  8:35  Roach x6  
  140  8:39  Spire  
  153  8:49  Zergling x4  
  153  8:50  Zergling x12  
  161  9:00  Roach  
  163  9:03  Drone x7  
  154  9:26  Hydralisk  
  154  9:27  Hydralisk x5  
  154  9:28  Hydralisk x11  
  164  9:36  Hive  
  162  9:43  Drone x10  
  172  9:52  Zerg Ground Armor Level 1  
  172  10:00  Mutalisk  
  172  10:01  Mutalisk x7  
  172  10:06  Overlord x3  
  188  10:12  Extractor  
  177  10:15  Extractor  
  130  10:32  Mutalisk  
  130  10:33  Mutalisk x7  
  134  10:39  Zergling x32  
  150  10:46  Roach x3  
  156  10:54  Greater Spire  
  156  11:01  Zergling x2  
  156  11:02  Roach x6  
  169  11:06  Drone x3  
  172  11:13  Roach x2  
  176  11:19  Hydralisk x3  
  182  11:30  Roach  
  182  11:31  Roach x8  
  195  11:35  Roach x2  
  195  11:40  Spine Crawler  
  195  11:41  Spine Crawler  
  185  11:49  Roach, Hydralisk x8  
  195  11:56  Spine Crawler  
  195  12:00  Mutalisk x4  
  195  12:01  Roach  
  198  12:03  Hatchery  
  197  12:13  Spine Crawler  
  197  12:14  Spine Crawler  
  189  12:20  Corruptor x5  
  192  12:32  Roach x2  
  192  12:33  Roach x2  
Tags
 
Add a new tag
Caveats
  • Supply blocks, unpowered buildings, or Contaminate may cause inaccurate times.
  • Supply counts are checked every 10 seconds.